 Dungeon Crawl Stone Soup version 0.23-a0-344-ge122d05 (webtiles) character file.

104 Mgcat the Skirmisher (level 4, -1/25 HPs)
             Began as a Vine Stalker Fighter on Oct 19, 2018.
             Was an Initiate of Wu Jian.
             Slain by a centaur
             ... wielding a +0 flail
              (3 damage)
             ... on level 3 of the Dungeon.
             The game lasted 00:03:08 (1596 turns).

Mgcat the Skirmisher (Vine Stalker Fighter)         Turns: 1596, Time: 00:03:09

Health: -1/25      AC:  7    Str: 20    XL:     4   Next: 80%
Magic:  0/5        EV:  7    Int:  8    God:    Wu Jian [......]
Gold:   141        SH:  9    Dex: 13    Spells: 3/3 levels left

rFire    . . .     SeeInvis .   a - +0 war axe
rCold    . . .     Gourm    .   c - +0 shield
rNeg     . . .     Faith    .   b - +0 scale mail
rPois    .         Spirit   +   o - +0 helmet
rElec    .         Reflect  .   (no cloak)
rCorr    .         Harm     .   (no gloves)
MR       .....                  (no boots)
Stlth    ..........             (no amulet)
HPRegen  0.48/turn              (no ring)
MPRegen  0.09/turn              (no ring)

@: no status effects
A: fangs 2, regeneration 1, magic shield, antimagic bite, no potion heal 3, rot
immunity
a: Renounce Religion


You were on level 3 of the Dungeon.
You worshipped Wu Jian.
Wu Jian was noncommittal.
You were not hungry.

You visited 1 branch of the dungeon, and saw 3 of its levels.

You collected 141 gold pieces.

Inventory:

Hand Weapons
 a - a +0 war axe (weapon)
Missiles
 n - a throwing net {=f, !d}
Armour
 b - a +0 scale mail (worn)
 c - a +0 shield (worn)
 o - a +0 helmet (worn)
   (You found it on level 1 of the Dungeon)
Scrolls
 g - a scroll of amnesia {unknown}
 h - 2 scrolls of teleportation {unknown}
 j - 5 scrolls of identify {unknown}
 k - 4 scrolls of magic mapping {unknown}
 m - 2 scrolls of remove curse {unknown}
Potions
 d - a potion of might
 e - a potion of berserk rage {unknown}
 i - a potion of degeneration {unknown}
 l - 3 potions of curing {unknown}
 q - a potion of heal wounds {unknown}
 r - a potion of agility {unknown}
 s - 2 potions of ambrosia {unknown}
Comestibles
 f - 5 rations
 p - 7 chunks of flesh {@w0}


   Skills:
 + Level 3.9 Fighting
 + Level 3.3 Axes
 - Level 2.4 Armour
 - Level 2.6 Shields


You had 3 spell levels left.
You didn't know any spells.
Your spell library was empty.

Dungeon Overview and Level Annotations

Branches:
Dungeon (3/15)

Altars:
Gozag
Hepliaklqana
Ru
Uskayaw
Wu Jian


Innate Abilities, Weirdness & Mutations

You have extremely sharp teeth.
Your natural rate of healing is unusually fast.
When hurt, damage is shared between your health and your magic reserves.
Your bite disrupts and absorbs the magic of your enemies.
Potions cannot restore your health.
You are immune to rotting.


Message History

You slash the goblin!
You kill the goblin!
The Council accepts your kill.
No target in view!
No target in view!
No target in view!
Things that are here:
a +0 dagger; a goblin corpse You butcher the goblin corpse.
p - 18 chunks of flesh {@w0} (gained 1)
Things that are here:
a +0 dagger; a goblin skeleton
Things that are here:
a +0 dagger; a goblin skeleton You see here a short sword.
Key pressed, stopping explore.
An adder comes into view.
The adder hisses angrily.
You closely miss the adder. You block the adder's attack. x2
Your shield and scale mail prevent you from hitting the adder.
Your bite misses the adder.
The adder bites you but does no damage. x2
You closely miss the adder. The adder barely misses you.
You block the adder's attack.
You closely miss the adder. Your bite misses the adder.
You block the adder's attack. The adder bites you but does no damage.
You closely miss the adder. You bite the adder. You drain its power.
The adder is moderately wounded.
The adder completely misses you. The adder barely misses you.
You barely miss the adder. You bite the adder. You drain its power.
The adder is heavily wounded.
You block the adder's attack. The adder bites you.
You barely miss the adder. Your bite misses the adder.
The adder is heavily wounded.
You block the adder's attack. x2
Your shield prevents you from hitting the adder.
Your bite misses the adder.
The adder is heavily wounded.
You block the adder's attack. The adder bites you but does no damage.
You slash the adder!
You kill the adder!
The Council accepts your kill.
No target in view!
No target in view!
No target in view!
Key pressed, stopping explore.
Key pressed, stopping explore.
Found a stone staircase leading down.
No target in view!
A rat comes into view.
A rat is nearby!
You lunge at the rat.
You hit the rat.
You kill the rat!
The Council accepts your kill.
No target in view!
No target in view!
You butcher the rat corpse.
p - 19 chunks of flesh {@w0} (gained 1)
You see here a rat skeleton. x2
s - 2 lumpy amethyst potions (gained 1)
A rat comes into view.
You lunge at the rat.
You closely miss the rat. The rat closely misses you.
You slash the rat!
You kill the rat!
The Council accepts your kill.
No target in view!
No target in view!
You butcher the rat corpse.
p - 20 chunks of flesh {@w0} (gained 1)
You see here a rat skeleton. x2
j - 5 scrolls labeled LIOT HACEOCOWI (gained 1) Some of the chunks of flesh in your inventory have rotted away.
h - 2 scrolls labeled RENAIL MEARUF (gained 1)
A centaur comes into view. It is wielding a +0 flail.
The centaur shouts!
The centaur unwields a +0 flail.
The centaur wields a +0 shortbow.
The centaur shoots an arrow.
The arrow hits you!
You see here an arrow.
The centaur shoots an arrow.
The arrow hits you but does no damage.
You see here an arrow.
The centaur shoots an arrow.
The arrow hits you.
You see here an arrow.
The centaur shoots an arrow.
You block the arrow.
You see here an arrow.
You lunge at the centaur.
You barely miss the centaur. You bite the centaur. You drain its power.
You feel invigorated.
The centaur is lightly wounded.
The centaur unwields a +0 shortbow.
The centaur wields a +0 flail.
The centaur barely misses you.
You hit the centaur. You bite the centaur. You drain its power.
The centaur is moderately wounded.
The centaur hits you with a +0 flail. x2
You barely miss the centaur. You bite the centaur, but do no damage.
The centaur is moderately wounded.
You block the centaur's attack. The centaur hits you with a +0 flail!
* * * LOW HITPOINT WARNING * * *
You barely miss the centaur. You bite the centaur. You drain its power.
You feel invigorated.
The centaur is heavily wounded.
The centaur hits you with a +0 flail!
You die...

.....#...))..................
...###..#.))......8.....#####
.......###.#............#
..####..#.##..#._..._...# ###
#........#.........#
###.####.#.........#
#........[.#.#.#....
#.####.##c..<#.#####
########........@#.##.#
.÷.......##.#.#.(.....#
.##.##.#.......>(.##..#
....##.#.##.#....(##..########
.#####.#.#.....((........÷...#
.......#.#.##.......#..#####.#
########.#.##..........# #.# #
#.#.##...##..#### #.# #
#.#.##...##..### #.#


You could see a centaur.

Vanquished Creatures
  Robin (D:3)
  3 adders
  An adder skeleton (D:3)
  2 dart slugs (D:1)
  2 leopard geckos
  3 ball pythons
  10 goblins
  10 hobgoblins
  7 kobolds
  A quokka (D:2)
  5 bats
  A frilled lizard (D:1)
  7 rats
53 creatures vanquished.

Notes
Turn   | Place    | Note
-------+----------+-------------------------------------------
     0 | D:1      | Mgcat the Vine Stalker Fighter began the quest for the Orb.
     0 | D:1      | Reached XP level 1. HP: 11/11 MP: 2/2
    50 | D:1      | Reached skill level 2 in Axes
    67 | D:1      | Reached skill level 3 in Fighting
    67 | D:1      | Reached XP level 2. HP: 10/16 MP: 1/3
   376 | D:1      | Reached XP level 3. HP: 19/20 MP: 4/4
   883 | D:2      | Gained mutation: Your natural rate of healing is unusually
                  | fast. [Vine Stalker growth]
   883 | D:2      | Reached XP level 4. HP: 17/24 MP: 5/5
   989 | D:2      | Found an ornate altar of the Wu Jian Council.
  1170 | D:2      | Reached skill level 3 in Axes
  1291 | D:2      | Became a worshipper of the Wu Jian Council
  1321 | D:3      | Found an opulent altar of Gozag.
  1321 | D:3      | Found a sacrificial altar of Ru.
  1322 | D:3      | Found a hide-covered altar of Uskayaw.
  1322 | D:3      | Found a hazy altar of Hepliaklqana.
  1347 | D:3      | Noticed Robin
  1355 | D:3      | Killed Robin
  1588 | D:3      | Noticed a centaur
  1595 | D:3      | HP: 2/25 [centaur/+0 flail (10)]
  1596 | D:3      | Slain by a centaur

Vault maps used:
D:1:      dpeg_arrival_tiny_i
D:2:      lemuel_coloured_pillars_altar, serial_corexii_hall,
          chequers_hall_statues_wall_a, corexii_hall_statues_deadend,
          minmay_misc_feat_roman
D:3:      grunt_temple_overflow_open, serial_undead, serial_undead_c,
          serial_undead_b, serial_undead_a, serial_undead_d,
          chequers_ecumenical_altar_island, first_ration, uniq_robin

Skill      XL: |  1  2  3  4 |
---------------+-------------+-----
Axes           | 2 3 |  3.3
Fighting       | 3 |  3.9
Armour         | |  2.4
Shields        | |  2.6

Action                   |  1- 3 |  4- 6 || total
-------------------------+-------+-------++-------
Melee: War axe           |    64 |    44 ||   108
       Bite              |    19 |    12 ||    31
Invok: Lunge             |       |     5 ||     5
  Eat: Chunk             |       |     2 ||     2
Armor: Scale mail        |    40 |    21 ||    61
Dodge: Dodged            |    28 |    11 ||    39
Block: Shield            |    38 |    27 ||    65

Table legend:
 A = Non-vault XP
 B = Vault XP
 C = Vault XP percentage of total XP
 D = Non-vault monster count
 E = Vault monster count
 F = Vault count percentage of total count
                 A         B        C        D         E       F
            +---------+---------+-------+---------+---------+-------
      Total |     106 |      43 |  28.9 |      39 |      14 |  26.4
            +---------+---------+-------+---------+---------+-------
        D:1 |      41 |       0 |   0.0 |      22 |       0 |   0.0
        D:2 |      46 |       0 |   0.0 |      12 |       0 |   0.0
        D:3 |      19 |      43 |  69.4 |       5 |      14 |  73.7
            +---------+---------+-------+---------+---------+-------

Vault maps used:
D:1:      dpeg_arrival_tiny_i
D:2:      lemuel_coloured_pillars_altar, serial_corexii_hall,
          chequers_hall_statues_wall_a, corexii_hall_statues_deadend,
          minmay_misc_feat_roman
D:3:      grunt_temple_overflow_open, serial_undead, serial_undead_c,
          serial_undead_b, serial_undead_a, serial_undead_d,
          chequers_ecumenical_altar_island, first_ration, uniq_robin

Table legend:
 A = Turns spent in this place as a percentage of turns spent in the entire game.
 B = Non-inter-level travel turns spent in this place as a percentage of non-inter-level travel turns spent in the entire game.
 C = Inter-level travel turns spent in this place as a percentage of turns spent in this place.
 D = Turns resting spent in this place as a percentage of non-inter-level travel turns spent in this place.
 E = Turns spent auto-exploring this place as a percentage of non-inter-level travel turns spent in this place.
 F = Non-inter-level travel turns spent in this place divided by the number of levels of this place that you've seen.
                   A       B       C       D       E      F
               +-------+-------+-------+-------+-------+----------------------
         Total | 100.0 | 100.0 |   7.9 |   0.0 |  83.2 | 490.0
       Dungeon | 100.0 | 100.0 |   7.9 |   0.0 |  83.2 | 490.0
               +-------+-------+-------+-------+-------+----------------------

Table legend:
 A = Kills in this place as a percentage of kills in entire the game.
 B = Kills by you in this place as a percentage of kills by you in the entire game.
 C = Kills by friends in this place as a percentage of kills by friends in the entire game.
 D = Other kills in this place as a percentage of other kills in the entire game.
 E = Experience gained in this place as a percentage of experience gained in the entire game.
 F = Experience gained in this place divided by the number of levels of this place that you have seen.
                   A       B       C       D       E      F
               +-------+-------+-------+-------+-------+----------------------
         Total | 100.0 | 100.0 |   N/A |   N/A | 100.0 |  49.7
       Dungeon | 100.0 | 100.0 |   N/A |   N/A | 100.0 |  49.7
               +-------+-------+-------+-------+-------+----------------------
